 Dungeon Sprint DCSS version 0.27.1-33-g824d729ab1 (webtiles) character file.

Game seed: 12352057295788119691

1779 Hipnos the Carver (level 8, -6/88 HPs)
             Began as a Minotaur Monk on Nov 26, 2021.
             Was a Priest of Qazlal.
             Shot with an arrow by a centaur warrior (14 damage)
             ... in the Dungeon (Sprint I: "Red Sonja").
             The game lasted 00:03:54 (803 turns).

Hipnos the Carver (Minotaur Monk)                    Turns: 803, Time: 00:03:54

Health: -6/88      AC:  6    Str: 19    XL:     8   Next: 81%
Magic:  7/12       EV: 13    Int:  7    God:    Qazlal [***...]
Gold:   15         SH:  8    Dex: 12    Spells: 7/7 levels left

rFire    . . .     SeeInvis .   a - +0 falchion
rCold    . . .     Faith    .   (no shield)
rNeg     . . .     Spirit   .   j - +0 scale mail
rPois    .         Reflect  +   (helmet restricted)
rElec    .         Harm     .   (no cloak)
rCorr    .         Rampage  .   (no gloves)
Will     .....     NoTele   +   (no boots)
Stlth    ..........             m - amulet of reflection
HPRegen  0.24/turn              (no ring)
MPRegen  0.13/turn              (no ring)

@: slowed, very slow
A: horns 2, retaliatory headbutt
a: Renounce Religion, Upheaval, Elemental Force


You were in the Dungeon.
You worshipped Qazlal.
Qazlal was most pleased with you.
You visited 1 branch You collected 405 gold pieces.
You spent 390 gold pieces at shops.

Inventory:

Hand Weapons
 a - a +0 falchion (weapon)
 i - a +0 club
Armour
 b - a +0 robe
 j - a +0 scale mail (worn)
 l - a +1 helmet
Jewellery
 m - an amulet of reflection (around neck)
Wands
 g - a wand of mindburst (14)
Scrolls
 h - a scroll of blinking
 k - a scroll of identify {unknown}
Potions
 c - a potion of curing
 e - a potion of haste
 f - 2 potions of magic


   Skills:
 + Level 13.6 Fighting
 + Level 13.8 Long Blades
 - Level 3.2 Armour
 - Level 9.4 Dodging
 - Level 1.5 Stealth
 + Level 2.2 Shields
 * Level 7.1 Invocations


You had 7 spell levels left.
You didn't know any spells.
Your spell library was empty.

Dungeon Overview and Level Annotations

Branches:
Dungeon (1/1)

Altars:
Cheibriados
Dithmenos
Elyvilon
Fedhas
Gozag
Hepliaklqana
Kikubaaqudgha
Makhleb
Nemelex Xobeh
Okawaru
Qazlal
Ru
Sif Muna
Trog
Uskayaw
Vehumet
Wu Jian
Xom
Yredelemnul
Zin
The Shining One
Jiyva
Lugonu

Shops:
D =


Innate Abilities, Weirdness & Mutations

You have a pair of horns on your head.
You reflexively headbutt those who attack you in melee.


Message History

Sonja resists with significant effort.
Sonja casts a spell.
Sonja looks slightly unstable.
You miss Sonja.
Sonja is almost dead.
You feel sick. Sonja closely misses you. You furiously retaliate!
You headbutt Sonja.
Sonja hits you with a +3 short sword of distortion!
Space bends around you.
Sonja hits you with a +3 short sword of distortion.
Space warps horribly around you!
* * * LOW HITPOINT WARNING * * *
Sonja mumbles some strange words.
Sonja blinks!
Aiming: Upheaval
Press: ? - help, Dir - move target, f - Sonja
Aim: Sonja, wielding a +3 short sword of distortion and quivering curare-tipped darts (almost dead)
The ground shakes violently, spewing rubble!
The blast of rubble hits Sonja!!
You kill Sonja!
Qazlal accepts your kill.
Ka-crash!
You feel sick.
You are no longer poisoned.
You hear a shout! x2
Your Fighting skill increases to level 13!
Your Long Blades skill increases to level 13!
Your Shields skill increases to level 2!
Your Invocations skill gained 2 levels and is now at level 7!
There is an open door here.
Something unseen opens the door.
The centaur warrior wields a longbow.
The centaur warrior shoots an arrow.
The arrow hits you!
* * * LOW HITPOINT WARNING * * *
A centaur warrior comes into view.
A centaur warrior comes into view. It is wielding a +0 longbow.
The centaur warrior wields a +0 shortbow.
The centaur warrior shoots an arrow.
The arrow hits you.
* * * LOW HITPOINT WARNING * * *
The centaur warrior shoots an arrow.
The arrow misses you.
The centaur warrior shoots an arrow.
The arrow hits you!
You die...

##########################
#<.#..)..#..'..#__#..')..#
#..'÷.#..').#..'..'..#)..#
#..#####'#####'#__####...+
#..####..#...#.#### #####
#..#__####..##§#§§§
#..#_____##.#_.cc§
#⌠⌠#_.∩...÷.@._#
####_..__##_☼#'#
#_____###'#.# #######
#.### +$.$+ #$.$# ##.##
#+#


You could see 2 centaur warriors.

Vanquished Creatures
  Sonja (D)
  2 kobold demonologists (D)
  A slime creature (D)
  Sigmund (D)
  A yak (D)
  A floating eye (D)
  An ogre (D)
  A jelly (D)
  Ijyb (D)
10 creatures vanquished.

Notes
Turn   | Place    | Note
-------+----------+-------------------------------------------
     0 | D        | Hipnos the Minotaur Monk began the quest for the Orb.
     0 | D        | Reached XP level 1. HP: 19/19 MP: 0/0
     1 | D        | Noticed Ijyb
    11 | D        | Killed Ijyb
    12 | D        | Reached skill level 5 in Fighting
    12 | D        | Reached skill level 5 in Long Blades
    12 | D        | Reached XP level 2. HP: 8/29 MP: 1/1
   339 | D        | Noticed an ogre
   342 | D        | Killed an ogre
   343 | D        | Reached XP level 3. HP: 39/39 MP: 2/2
   343 | D        | Reached XP level 4. HP: 47/47 MP: 3/3
   346 | D        | Noticed Sigmund
   353 | D        | Killed Sigmund
   354 | D        | Reached XP level 5. HP: 47/57 MP: 4/4
   393 | D        | Found an ornate altar of the Wu Jian Council.
   393 | D        | Found a shimmering blue altar of Sif Muna.
   395 | D        | Found a radiant altar of Vehumet.
   399 | D        | Reached XP level 6. HP: 58/64 MP: 5/5
   402 | D        | Found Gesmofaw's Jewellery Emporium.
   402 | D        | Found an ancient bone altar of Kikubaaqudgha.
   402 | D        | Found a hazy altar of Hepliaklqana.
   402 | D        | Found a stormy altar of Qazlal.
   402 | D        | Found a hide-covered altar of Uskayaw.
   402 | D        | Found a blossoming altar of Fedhas.
   402 | D        | Found a bloodstained altar of Trog.
   402 | D        | Found an iron altar of Okawaru.
   402 | D        | Found a basalt altar of Yredelemnul.
   402 | D        | Found a glowing golden altar of the Shining One.
   402 | D        | Found a snail-covered altar of Cheibriados.
   402 | D        | Found a sacrificial altar of Ru.
   402 | D        | Found a glowing silver altar of Zin.
   402 | D        | Found a shadowy altar of Dithmenos.
   402 | D        | Found a white marble altar of Elyvilon.
   402 | D        | Noticed a yak
   411 | D        | Killed a yak
   412 | D        | Reached skill level 10 in Fighting
   412 | D        | Reached skill level 10 in Long Blades
   412 | D        | Found an opulent altar of Gozag.
   413 | D        | Found a sparkling altar of Nemelex Xobeh.
   415 | D        | Became a worshipper of Qazlal Stormbringer
   415 | D        | Reached * piety under Qazlal
   415 | D        | Reached ** piety under Qazlal
   477 | D        | Found a burning altar of Makhleb.
   477 | D        | Found a viscous altar of Jiyva.
   477 | D        | Found a shimmering altar of Xom.
   477 | D        | Found a corrupted altar of Lugonu.
   477 | D        | Noticed a slime creature
   486 | D        | Killed a slime creature
   487 | D        | Reached XP level 7. HP: 32/74 MP: 5/8
   696 | D        | Noticed a kobold demonologist
   697 | D        | Noticed a kobold demonologist
   698 | D        | Paralysed by a floating eye for 3 turns
   714 | D        | Killed a kobold demonologist
   715 | D        | Killed a kobold demonologist
   715 | D        | Reached *** piety under Qazlal
   716 | D        | Reached skill level 1 in Shields
   716 | D        | Reached skill level 5 in Invocations
   716 | D        | Reached XP level 8. HP: 74/85 MP: 8/11
   782 | D        | Bought an amulet of reflection for 390 gold pieces
   794 | D        | Noticed Sonja
   800 | D        | Killed Sonja
   802 | D        | Noticed a centaur warrior
   803 | D        | Noticed a centaur warrior
   803 | D        | Shot with an arrow by a centaur warrior

Illustrated notes

Levels and vault maps discovered:
D:        dungeon_sprint_1 [red_sonja_temple_1, red_sonja_temple_small_1]

Skill      XL: |  1  2  3  4  5  6  7  8 |
---------------+-------------------------+-----
Fighting       | 5 7 9 11 12 13 | 13.6
Long Blades    | 5 7 9 11 12 13 | 13.8
Dodging        | 4 6 8 9 |  9.4
Armour         | 2 3 |  3.2
Invocations    | 2 5 7 |  7.1
Shields        | 1 2 |  2.2
Stealth        | |  1.5

Action                   |  1- 3 |  4- 6 |  7- 9 || total
-------------------------+-------+-------+-------++-------
Melee: Falchion          |    11 |    25 |    17 ||    53
       Headbutt          |     2 |     8 |     5 ||    15
Invok: Upheaval          |       |       |     1 ||     1
  Use: Potion            |     1 |       |     1 ||     2
Armor: Robe              |     1 |       |       ||     1
       Scale mail        |       |     6 |     5 ||    11
Dodge: Dodged            |     6 |     7 |    11 ||    24
Block: Other             |       |       |     5 ||     5
       Reflection        |       |       |     1 ||     1
       Rpst.: Falchion   |     2 |     3 |     1 ||     6
